 Dungeon Crawl Stone Soup version 0.30-a0-373-gd37427bb62 (webtiles) character file.

Game seed: 476809515830499452

11 Shayle the Conjurer (level 2, 20/22 HPs)
             Began as a Demonspawn Reaver on Nov 24, 2022.
             Quit the game on level 1 of the Dungeon.
             The game lasted 00:01:14 (322 turns).

Shayle the Conjurer (Demonspawn Reaver)              Turns: 322, Time: 00:01:15

Health: 20/22      AC:  3    Str: 12    XL:     2   Next: 13%
Magic:  5/5        EV: 11    Int: 14    God:
Gold:   31         SH:  0    Dex: 11    Spells: 4/5 levels left

rFire   . . .      SeeInvis .    a - +0 hand axe
rCold   + . .      Faith    .    (no shield)
rNeg    . . .      Spirit   .    b - +0 leather armour
rPois   .          Reflect  .    (no helmet)
rElec   .          Harm     .    (no cloak)
rCorr   .          Rampage  .    (no gloves)
Will    .....                    (no boots)
Stlth   +.........               (no amulet)
HPRegen 0.23/turn                d - ring of protection from cold
MPRegen 0.09/turn                (no ring)

@: no status effects
A: hooves 1
a: no special abilities


You were on level 1 of the Dungeon.
You visited 1 branch of the dungeon, and saw 1 of its levels.

You collected 31 gold pieces.

Inventory:

Hand Weapons
 a - a +0 hand axe (weapon)
Armour
 b - a +0 leather armour (worn)
Jewellery
 d - a ring of protection from cold (left hand)
Scrolls
 f - 2 scrolls of poison {unknown}
 g - 2 scrolls of teleportation {unknown}
 h - a scroll of vulnerability {unknown}
Potions
 c - a potion of brilliance {unknown}
 e - a potion of curing {unknown}


   Skills:
 + Level 2.2 Fighting
 + Level 2.8 Axes
 + Level 0.5 Armour
 - Level 1.7 Dodging
 + Level 0.7 Stealth
 - Level 2.0 Spellcasting
 - Level 3.0 Conjurations


You had 4 spell levels left.
You knew the following spells:

 Your Spells              Type           Power      Damage    Failure   Level
a - Kiss of Death         Conj/Necr      20%        2d7       16%         1

Your spell library contained the following spells:

 Spells                   Type           Power      Damage    Failure   Level
 Momentum Strike          Conj/Tloc      10%        3d8       24%         2
 Hailstorm                Conj/Ice       5%         3d4       43%         3


Dungeon Overview and Level Annotations

Branches:
Dungeon (1/15)

Altars:


Innate Abilities, Weirdness & Mutations

You have large cloven feet.


Message History

Your demonic ancestry asserts itself...
Your feet thicken and deform.
There is a huge open gate here.
Found a robe.
A kobold comes into view. It is wielding a +0 short sword.
Found 12 gold pieces.
The kobold shouts!
A goblin comes into view. It is wielding a +0 club.
The kobold throws a stone.
The stone hits you but does no damage.
The goblin shouts!
A bat comes into view.
The kobold throws a stone.
The stone barely misses you.
The kobold throws a stone.
The stone hits you.
You completely miss the bat. You closely miss the kobold.
You hit the goblin but do no damage. The bat barely misses you.
The bat hits you but does no damage.
The kobold hits you with a +0 short sword.
The goblin hits you with a +0 club.
You hit the goblin but do no damage. Your kick misses the goblin.
You hit the kobold. The kobold closely misses you.
The goblin closely misses you. The bat hits you but does no damage.
You hit the goblin but do no damage. You kick the goblin.
You kill the goblin!
You hit the kobold.
You kill the kobold!
You hit the bat. The bat hits you but does no damage.
The bat hits you but does no damage.
You miss the bat. You kick the bat.
The bat is severely wounded.
The bat hits you but does no damage. The bat closely misses you.
The bat closely misses you. The bat hits you but does no damage.
You closely miss the bat.
The bat is severely wounded.
The bat hits you but does no damage.
Saving game... please wait.
Welcome back, Shayle the Demonspawn Reaver.
Press ? for a list of commands and other information.
Char dumped successfully.
Are you sure you want to abandon this character and quit the game? (Confirm with "yes".)

..................).......#...#.#
..........#######.........#.###.#
..........# #.........#.###.#
..........# #.........#......
..........#######...#...###..''''
...... ............#...# #..''''
...... ............#...# #..''_'
###### ............#...# #..''''
....$.b.@...# #..''''
....[...).(.# #.##...
........$...# #.###.#
............# #.# #.#
............# #.# #.#
............# #.# #.#
............# #.# #.#
............# #.# #.# #.# #.#


You could see a bat.

Vanquished Creatures
  An endoplasm (D:1)
  2 goblins (D:1)
  A hobgoblin (D:1)
  2 ball pythons (D:1)
  A bat (D:1)
  A frilled lizard (D:1)
  2 kobolds (D:1)
10 creatures vanquished.

Notes
Turn   | Place    | Note
-------+----------+-------------------------------------------
     0 | D:1      | Shayle the Demonspawn Reaver began the quest for the Orb.
     0 | D:1      | Reached XP level 1. HP: 16/16 MP: 3/3
   211 | D:1      | Found a faded altar of an unknown god.
   255 | D:1      | Gained mutation: You have large cloven feet. [demonic
                  | ancestry]
   255 | D:1      | Reached XP level 2. HP: 20/22 MP: 5/5
   322 | D:1      | Quit the game

Illustrated notes

Levels and vault maps discovered:
D:1:      dpeg_arrival_castle, layout_basic,
          hellmonk_ecumenical_altar_heavens_door

Action                   || total
-------------------------++-------
Melee: Hand axe          ||    22
       Kick              ||     2
Armor: Leather armour    ||    12
Dodge: Dodged            ||    24

Table legend: (Time is in decaauts)
 A = Elapsed time spent in this place.
 B = Non-inter-level travel time spent in this place.
 C = Inter-level travel time spent in this place.
 D = Time resting spent in this place.
 E = Time spent auto-exploring this place.
 F = Levels seen in this place.
 G = Mean time per level.
                   A        B        C        D        E       F      G
               +--------+--------+--------+--------+--------+-----+--------+
         Total |    326 |    326 |      0 |      0 |    217 |   1 |  326.0 |
       Dungeon |    326 |    326 |      0 |      0 |    217 |   1 |  326.0 |
               +--------+--------+--------+--------+--------+-----+--------+

Top non-repeatable levels by time:
     D:1: 326 daAuts
